 Dungeon Crawl Stone Soup version 0.27.0-66-gdc8fb28755 (webtiles) character file.

Game seed: 6069432324317655871

37 Kinoniko the Chopper (level 3, -4/31 HPs)
             Began as a Hill Orc Fighter on Aug 20, 2021.
             Slain by a gnoll (14 damage)
             ... on level 2 of the Dungeon.
             The game lasted 00:00:52 (1346 turns).

Kinoniko the Chopper (Hill Orc Fighter)             Turns: 1346, Time: 00:00:53

Health: -4/31      AC:  6    Str: 19    XL:     3   Next: 41%
Magic:  3/3        EV:  7    Int:  8    God:
Gold:   25         SH:  9    Dex: 10    Spells: 2/2 levels left

rFire    . . .     SeeInvis .   a - +0 war axe
rCold    . . .     Faith    .   c - +0 kite shield
rNeg     . . .     Spirit   .   b - +0 scale mail
rPois    .         Reflect  .   (no helmet)
rElec    .         Harm     .   (no cloak)
rCorr    .         Rampage  .   (no gloves)
Will     .....                  (no boots)
Stlth    ..........             (no amulet)
HPRegen  0.10/turn              (no ring)
MPRegen  0.08/turn              (no ring)

@: mighty
A: no striking features
a: no special abilities


You were on level 2 of the Dungeon.
You visited 1 branch of the dungeon, and saw 2 of its levels.

You collected 25 gold pieces.

Inventory:

Hand Weapons
 a - a +0 war axe (weapon)
Armour
 b - a +0 scale mail (worn)
 c - a +0 kite shield (worn)
Scrolls
 e - a scroll of summoning {unknown}
 i - 2 scrolls of identify {unknown}
Potions
 f - a potion of resistance {unknown}
 g - a potion of heal wounds {unknown}
 h - a potion of lignification {unknown}
 j - a potion of berserk rage {unknown}
 k - 2 potions of invisibility {unknown}


   Skills:
 - Level 3.6 Fighting
 * Level 5.0 Axes
 - Level 3.2 Armour
 - Level 3.2 Shields


You had 2 spell levels left.
You didn't know any spells.
Your spell library contained the following spells:

 Spells                   Type           Power      Damage    Failure   Level
 Magic Dart               Conj           0%         1d3       99%         1
 Call Imp                 Summ           0%         N/A       100%        2
 Mephitic Cloud           Conj/Pois/Air  0%         N/A       100%        3


Dungeon Overview and Level Annotations

Branches:
Dungeon (2/15)

Altars:


Message History

No target in view!
No target in view!
No target in view!
No target in view!
No target in view!
No target in view!
No target in view!
No target in view!
No target in view!
You now have 16 gold pieces (gained 14).
You open the door.
There is an open door here.
You now have 25 gold pieces (gained 9).
A quokka and a gnoll come into view.
The gnoll is wielding a +2 vampiric spear.
The gnoll shouts!
A gnoll comes into view. It is wielding a +0 flail.
The quokka twitches its whiskers.
There are monsters nearby!
There are monsters nearby!
A gnoll comes into view. It is wielding a +0 halberd.
The gnoll shouts!
Found 2 black potions.
The gnoll hits you from afar with a +2 vampiric spear.
You feel very mighty all of a sudden.
The gnoll hits you from afar with a +2 vampiric spear!
The gnoll barely misses you. You block the gnoll's attack.
You slice the gnoll!!
You kill the gnoll!
You block the gnoll's attack. The quokka bites you.
The gnoll hits you from afar with a +0 halberd.
Your Axes skill increases to level 5!
You barely miss the quokka. You block the quokka's attack.
The gnoll hits you from afar with a +0 halberd!
* * * LOW HITPOINT WARNING * * *
You block the quokka's attack.
You completely miss the quokka. The quokka barely misses you.
You block the gnoll's attack. You block the quokka's attack.
The gnoll hits you from afar with a +0 halberd!
You die...

......! .......
############### .......
#.............# .......
#.###......##.# .......
#.# #......##.# .......
##.###......##.###.......
.....'......'...@rg......
##.###......##.###g......
#.# #......##.# #.......
##+###......##.# #.######
............##.. #....#
###
............####.#....#
#<# .......######
#.#....# #.# ..........#
###.#....###.######.
..........+
.........'..........


You could see 2 gnolls and a quokka.

Vanquished Creatures
  A gnoll (D:2)
  A dart slug (D:1)
  3 bats (D:1)
  3 endoplasms
  2 giant cockroaches (D:1)
  A goblin (D:1)
  3 jackals (D:1)
  3 quokkas
  2 ball pythons (D:1)
  2 frilled lizards (D:1)
  2 kobolds (D:1)
  A rat (D:1)
24 creatures vanquished.

Vanquished Creatures (others)
  3 plants (D:1)
3 creatures vanquished.

Grand Total: 27 creatures vanquished

Notes
Turn   | Place    | Note
-------+----------+-------------------------------------------
     0 | D:1      | Kinoniko the Hill Orc Fighter began the quest for the Orb.
     0 | D:1      | Reached XP level 1. HP: 19/19 MP: 1/1
   141 | D:1      | Reached skill level 3 in Axes
   206 | D:1      | Reached XP level 2. HP: 24/26 MP: 2/2
   280 | D:1      | Reached skill level 4 in Axes
   833 | D:1      | Reached XP level 3. HP: 30/31 MP: 3/3
  1345 | D:2      | Reached skill level 5 in Axes
  1346 | D:2      | Slain by a gnoll

Illustrated notes

Levels and vault maps discovered:
D:1:      dpeg_arrival_court, layout_loops_cross, serial_forest,
          infiniplex_forest_clump_large, infiniplex_forest_clump_cross,
          infiniplex_forest_lined_ring, infiniplex_forest_straight_4,
          infiniplex_forest_straight_4, infiniplex_forest_clump_curved,
          infiniplex_forest_clump_long, chequers_big_river, minmay_statues_item,
          minmay_pentomino_q2
D:2:      layout_basic, basic_altar, minmay_misc_feat_roman, st_stairs_13,
          chequers_serial_rivers_micro_c

Skill      XL: |  1  2  3 |
---------------+----------+-----
Axes           | 3 4 5 |  5.0
Fighting       | |  3.6
Armour         | |  3.2
Shields        | |  3.2

Action                   || total
-------------------------++-------
Melee: War axe           ||    71
  Use: Potion            ||     1
Armor: Scale mail        ||    27
Dodge: Dodged            ||    25
Block: Kite shield       ||    41
